 Dungeon Crawl Stone Soup version 0.21.1-1-g345015fe64 (webtiles) character file.

25202 Kejsarherre the Blocker (level 13, -43/95 HPs)
             Began as a Formicid Fighter on Apr 29, 2018.
             Was a High Priest of Hepliaklqana.
             Killed from afar by an ice dragon (53 damage)
             ... with a blast of cold
             ... in an ice cave.
             The game lasted 01:21:16 (10566 turns).

Kejsarherre the Blocker (Formicid Fighter)         Turns: 10566, Time: 01:21:17

Health: -43/95     AC: 22    Str: 28    XL:     13   Next: 48%
Magic:  16/16      EV:  7    Int: 11    God:    Hepliaklqana [*****.]
Gold:   1037       SH: 25    Dex:  8    Spells: 12/12 levels left

rFire    . . .     SeeInvis +   J - +6 battleaxe (curse)
rCold    . . .     Gourm    .   p - +0 large shield
rNeg     + . .     Faith    .   m - +0 plate armour
rPois    .         Spirit   .   (helmet unavailable)
rElec    .         Reflect  +   C - +0 cloak
rCorr    .         Harm     .   d - +0 pair of gloves
MR       +....                  k - +1 pair of boots
Stlth    ..........             n - +5 amulet of reflection
HPRegen  0.25/turn              w - ring of wizardry
MPRegen  0.15/turn              E - ring of positive energy

@: mighty, very slightly contaminated, studying Armour
A: permanent stasis, dig shafts and tunnels, four strong arms, reduced essence,
antennae 3, icy blue scales 1, thin metallic scales 1, clumsy 1
a: Dig, Shaft Self, Recall Ancestor, Ancestor Identity, Transference, Idealise,
Renounce Religion


You were in an ice cave.
You worshipped Hepliaklqana.
Hepliaklqana was extremely pleased with you.
You were not hungry.

You visited 3 branches of the dungeon, and saw 16 of its levels.
You also visited: Bailey and Ice Cave.

You collected 1037 gold pieces.

Inventory:

Hand Weapons
 a - a +1 war axe
 v - a +0 war axe
 A - a +0 battleaxe
 J - a cursed +6 battleaxe (weapon)
Armour
 c - a +0 shield
 d - a +0 pair of gloves (worn)
 g - the +0 robe of the Tick {+Inv rElec Stlth+}
   (You found it on level 4 of the Dungeon)

   It insulates you from electricity.
   It lets you turn invisible.
   It makes you more stealthy.
 j - a +0 scale mail
 k - a +1 pair of boots (worn)
 m - a +0 plate armour (worn)
 p - a +0 large shield (worn)
 C - a +0 cloak (worn)
Jewellery
 i - an uncursed ring of see invisible {unknown}
 n - a +5 amulet of reflection (around neck)
 s - an uncursed ring of ice
 w - a ring of wizardry (left hand)
 E - a ring of positive energy (right hand)
Wands
 h - a wand of disintegration (13)
 B - a wand of polymorph (15)
Scrolls
 o - 2 scrolls of remove curse
 u - 6 scrolls of identify
 y - 3 scrolls of amnesia {unknown}
 z - a scroll of summoning {unknown}
 G - a scroll of enchant weapon
 M - a scroll of fog
Potions
 b - 2 potions of mutation
 e - a potion of brilliance
 l - 3 potions of ambrosia
 q - a potion of flight
 r - 4 potions of curing
 t - a potion of lignification
 x - 2 potions of might
 D - a potion of invisibility
 F - 2 potions of cancellation
Books
 H - a manual of Armour
Comestibles
 f - 28 rations


   Skills:
 - Level 11.2 Fighting
 + Level 13.8 Axes
 - Level 8.2 Armour
 + Level 13.9 Shields
 - Level 4.0 Invocations


You had 12 spell levels left.
You didn't know any spells.

Dungeon Overview and Level Annotations

Branches:
Dungeon (13/15)            Temple (1/1) D:5            Lair (2/6) D:8
    Orc (0/2) D:9
  Swamp: Lair:2-4    Shoals: Lair:2-4     Snake: Lair:2-4    Spider: Lair:2-4
 Vaults: D:13-14

Altars:
Ashenzari
Cheibriados
Dithmenos
Fedhas
Gozag
Hepliaklqana
Kikubaaqudgha
Makhleb
Nemelex Xobeh
Okawaru
Qazlal
Ru
Sif Muna
Trog
Uskayaw
Vehumet
Xom
Yredelemnul
The Shining One

Shops:
D:10 [

Annotations:
IceCv exclusion: 2 ice statues


Innate Abilities, Weirdness & Mutations

You cannot be hasted, slowed, berserked, paralysed or teleported.
You can dig through walls and to a lower floor.
Your four strong arms can wield two-handed weapons with a shield.
You have a pair of large antennae on your head. (SInv)
Your life essence is reduced to manifest your ancestor. (-10% HP)
You are partially covered in icy blue scales. (AC +2)
You are partially covered in thin metallic scales. (AC +2)
You are clumsy. (Dex -2)


Message History

You block the ice dragon's attack. x2
You slice the ice dragon!!
The ice dragon is almost dead.
You block the ice dragon's attack. The ice dragon completely misses you.
You block the ice dragon's attack.
You slash the ice dragon!
You kill the ice dragon!
You feel better. You block the ice dragon's attack.
The ice dragon claws you but does no damage.
You block the ice dragon's attack.
The ice dragon breathes frost at something.
You flicker for a moment.
You flicker back into view.
The ice dragon breathes frost at you. The blast of cold hits you!
* * * LOW HITPOINT WARNING * * *
The ice dragon breathes frost at you. The blast of cold hits you!
Ouch! That really hurt!
You die...

###.###.#.#.D.#.#...
##.D##
##.####..#..#.
##..## ### ###.####
#.#.# ### ##D## #..#
##.## #..### ###
##.@.### ##.##
##....###...#####
##.#.##....#...#
##.##....#..#.##
#....#######..#
###.## #...## ###
#.##.## ##..##.
##....


You could see an ice dragon.

Vanquished Creatures
  A hydra (D:8)
  An ice dragon (IceCv)
  A two-headed ogre (D:11)
  Sonja (D:10)
  2 unseen horrors
  The ghost of ILYA101 the Slasher, a novice DrFi of the Shining One (D:5)
  2 ugly things
  A manticore (D:12)
  2 centaur zombies (D:12)
  2 black mambas
  Maurice (D:10)
  3 spiny frogs (Lair:1)
  2 rime drakes (IceCv)
  3 komodo dragons
  3 centaur skeletons
  3 trolls
  A slime creature (Lair:1)
  5 hippogriffs
  A spriggan (D:9)
  A wraith (D:11)
  A shadow (D:12)
  3 yaks (Lair:1)
  3 vampire mosquitoes (D:12)
  2 hungry ghosts
  2 water moccasins
  7 porcupines
  13 ice beasts
  2 sky beasts
  4 orc warriors
  2 black bears
  14 centaurs
  6 ogres
  2 crocodiles
  A phantom (D:8)
  2 big kobolds
  5 bullfrogs
  3 scorpions
  4 killer bees (D:11)
  A water moccasin skeleton (D:3)
  6 wights
  6 crimson imps
  8 hounds
  3 jellies (Lair:1)
  7 orc wizards
  5 orc priests
  A bullfrog skeleton (D:5)
  10 worker ants
  A hound zombie (D:11)
  A hound skeleton (D:5)
  6 adders
  11 white imps (Lair:2)
  18 oozes
  An adder skeleton (D:5)
  2 worms (D:2)
  2 dart slugs (D:2)
  4 leopard geckos
  50 orcs
  3 ball pythons
  A bat (D:1)
  5 giant cockroaches
  2 goblins (D:2)
  4 hobgoblins
  7 jackals
  9 kobolds
  4 quokkas
  4 frilled lizards
  A quokka skeleton (D:4)
  2 rats
298 creatures vanquished.

Vanquished Creatures (collateral kills)
  A hydra (Lair:1)
  The ghost of matti1234 the Jinx, a novice FoAM of Ru (D:9)
  An unseen horror (D:11)
  Joseph (D:7)
  2 spiny frogs
  A komodo dragon (Lair:2)
  3 hippogriffs
  Menkaure (D:7)
  A soldier ant (D:11)
  An orc warrior (Bailey)
  2 porcupines (Lair:1)
  3 ice beasts (IceCv)
  A sky beast (D:6)
  2 ogres
  2 centaurs (D:11)
  A crocodile (Lair:2)
  4 bullfrogs
  A wyvern skeleton (D:12)
  2 scorpions
  2 wights
  A crimson imp (D:6)
  2 orc priests
  2 shadow imps
  A white imp (Lair:2)
  An ooze (Lair:1)
  2 leopard geckos
  11 orcs
  A bat (D:2)
  A jackal zombie (D:8)
  A kobold (D:10)
  A fungus (Lair:2)
57 creatures vanquished.

Vanquished Creatures (others)
  2 centaurs
  6 hexers
  An ancestor (D:7)
  A kobold (D:12)
  8 fungi
  2 plants (Lair:2)
20 creatures vanquished.

Grand Total: 375 creatures vanquished

Notes
Turn   | Place    | Note
-------+----------+-------------------------------------------
     0 | D:1      | Kejsarherre the Formicid Fighter began the quest for the Orb.
     0 | D:1      | Reached XP level 1. HP: 18/18 MP: 1/1
   153 | D:1      | Reached XP level 2. HP: 24/24 MP: 2/2
   396 | D:2      | Reached XP level 3. HP: 25/30 MP: 3/3
   569 | D:3      | Reached XP level 4. HP: 9/37 MP: 4/4
   670 | D:3      | Reached XP level 5. HP: 13/43 MP: 5/5
  1043 | D:4      | Found an iron altar of Okawaru.
  1181 | D:4      | Reached XP level 6. HP: 46/49 MP: 6/6
  1262 | D:4      | Reached skill level 5 in Axes
  1437 | D:4      | Found a hide-covered altar of Uskayaw.
  1452 | D:4      | Got a faintly humming robe
  1513 | D:5      | Entered Level 5 of the Dungeon
  1679 | D:5      | Noticed ILYA101's ghost (novice DrFi)
  1691 | D:5      | Killed ILYA101's ghost
  1691 | D:5      | Reached skill level 5 in Fighting
  1691 | D:5      | Reached XP level 7. HP: 41/56 MP: 7/7
  1909 | D:5      | Found a staircase to the Ecumenical Temple.
  1918 | Temple   | Entered the Ecumenical Temple
  2008 | Temple   | Became a worshipper of Hepliaklqana the Forgotten
  2665 | D:2      | Reached XP level 8. HP: 56/56 MP: 8/8
  3133 | D:1      | You fall through a shaft!
  3136 | D:2      | You fall through a shaft for 2 floors!
  3226 | D:6      | Reached * piety under Hepliaklqana
  3257 | D:6      | Found a stormy altar of Qazlal.
  3578 | D:6      | Reached XP level 9. HP: 63/63 MP: 9/9
  3661 | D:7      | Found a sparkling altar of Nemelex Xobeh.
  3721 | D:7      | Found a glowing golden altar of the Shining One.
  3768 | D:7      | Reached skill level 10 in Axes
  3982 | D:7      | Found a radiant altar of Vehumet.
  3982 | D:7      | Found a sacrificial altar of Ru.
  4017 | D:7      | Noticed Joseph
  4020 | D:7      | Noticed Menkaure
  4272 | D:7      | Killed Menkaure
  4282 | D:7      | Killed Joseph
  4398 | D:7      | Reached ** piety under Hepliaklqana
  4492 | D:6      | Remembered your ancestor Nolwazi as a hexer
  4638 | D:8      | Found a staircase to the Lair.
  4638 | D:8      | Noticed a hippogriff
  4645 | D:8      | Killed a hippogriff
  4645 | D:8      | Reached skill level 5 in Shields
  4650 | D:8      | Reached XP level 10. HP: 72/72 MP: 10/10
  4699 | D:8      | Reached skill level 5 in Armour
  4703 | D:8      | Found a blossoming altar of Fedhas.
  4756 | D:8      | Noticed an unseen horror
  4766 | D:8      | Killed an unseen horror
  4818 | D:8      | Found a burning altar of Makhleb.
  5187 | D:9      | Reached *** piety under Hepliaklqana
  5187 | D:9      | Noticed matti1234's ghost (novice FoAM)
  5200 | D:9      | Killed matti1234's ghost
  5309 | D:9      | Found an opulent altar of Gozag.
  5442 | D:9      | Found a staircase to the Orcish Mines.
  5463 | D:9      | Found a flagged portal.
  5473 | Bailey   | Entered a bailey
  5775 | D:9      | Reached **** piety under Hepliaklqana
  5846 | D:9      | Identified the +0 robe of the Tick {+Inv rElec Stlth+} (You found it on level 4 of the Dungeon)
  6191 | D:10     | Entered Level 10 of the Dungeon
  6255 | D:10     | Found a shattered altar of Ashenzari.
  6281 | D:10     | Reached skill level 1 in Invocations
  6281 | D:10     | Reached XP level 11. HP: 72/80 MP: 11/11
  6358 | D:10     | Found Kuqiog's Antique Armour Boutique.
  6679 | D:10     | Noticed Sonja
  6684 | D:10     | Reached skill level 10 in Fighting
  6691 | D:10     | Noticed Maurice
  6701 | D:10     | Killed Sonja
  6726 | D:10     | Killed Maurice
  6968 | D:10     | Gained mutation: You are clumsy. (Dex -2) [potion of mutation]
  6968 | D:10     | Gained mutation: You are partially covered in thin metallic scales. (AC +2) [potion of mutation]
  6968 | D:10     | Gained mutation: You are partially covered in icy blue scales. (AC +2) [potion of mutation]
  6988 | D:11     | Noticed an unseen horror
  6999 | D:11     | Killed an unseen horror
  7010 | D:11     | Reached skill level 10 in Shields
  7053 | D:11     | Noticed a red ugly thing
  7083 | D:11     | Killed a red ugly thing
  7331 | D:11     | Reached XP level 12. HP: 58/90 MP: 15/15
  7428 | D:11     | Noticed a two-headed ogre
  7447 | D:11     | Killed a two-headed ogre
  8461 | D:12     | Noticed an unseen horror
  8475 | D:12     | Killed an unseen horror
  8904 | Lair:1   | Entered Level 1 of the Lair of Beasts
  8909 | Lair:1   | Reached ***** piety under Hepliaklqana
  8920 | Lair:1   | Noticed a six-headed hydra
  8971 | D:8      | Killed a seven-headed hydra
  9123 | Lair:1   | Noticed a four-headed hydra
  9205 | Lair:1   | Killed a six-headed hydra
  9416 | Lair:1   | Reached XP level 13. HP: 95/95 MP: 16/16
  9868 | Lair:2   | Found a frozen archway.
 10008 | IceCv    | Entered an ice cave
 10504 | IceCv    | Noticed an ice dragon
 10504 | IceCv    | Noticed an ice dragon
 10538 | IceCv    | Killed an ice dragon
 10566 | IceCv    | Killed from afar by an ice dragon

Skill      XL: |  1  2  3  4  5  6  7  8  9 10 11 12 13 |
---------------+----------------------------------------+-----
Fighting       | 4 5 6 7 9 11 | 11.2
Axes           | 3 4 6 7 9 10 12 13 | 13.8
Shields        | 5 8 10 13 | 13.9
Armour         | 4 6 8 |  8.2
Invocations    | 1 4 |  4.0

Action                   |  1- 3 |  4- 6 |  7- 9 | 10-12 | 13-15 || total
-------------------------+-------+-------+-------+-------+-------++-------
Melee: War axe           |    61 |   114 |   158 |       |       ||   333
       Battleaxe         |       |       |    19 |   455 |   155 ||   629
Invok: Recall Ancestor   |       |       |     4 |     6 |       ||    10
       Ancestor Life: He |       |       |     1 |       |       ||     1
       Ancestor Identity |       |       |     1 |       |       ||     1
       Idealise          |       |       |       |     1 |       ||     1
 Abil: Dig               |       |     1 |       |     6 |     4 ||    11
       Shaft Self        |       |       |     2 |       |       ||     2
Evoke: Wand              |       |       |       |     4 |       ||     4
  Use: Potion            |     1 |     1 |     3 |    10 |     6 ||    21
       Scroll            |       |     4 |       |    12 |     1 ||    17
 Stab: Confused          |       |       |       |     6 |     2 ||     8
       Distracted        |       |       |       |     4 |     1 ||     5
  Eat: Chunk             |       |     3 |    10 |     9 |     1 ||    23
       Ration            |       |       |       |     3 |     1 ||     4
Armor: Scale mail        |    20 |    63 |    54 |    35 |       ||   172
       Plate armour      |       |       |       |   207 |    42 ||   249
Dodge: Dodged            |    18 |    33 |    52 |    96 |    10 ||   209
Block: Shield            |    40 |    61 |    94 |   223 |       ||   418
       Reflection        |       |       |     6 |    40 |     7 ||    53
       Large shield      |       |       |       |   318 |   140 ||   458
